 Dungeon Crawl Stone Soup version 0.28-a0-983-g1de4e0787c (webtiles) character file.

Game seed: 5734008914577756801

97 Decritt the Gusty (level 4, -2/26 HPs)
             Began as a Tengu Air Elementalist on Dec 3, 2021.
             Splashed by a jelly's acid (9 damage)
             ... on level 3 of the Dungeon.
             The game lasted 00:03:49 (3123 turns).

Decritt the Gusty (Tengu Air Elementalist)          Turns: 3123, Time: 00:03:50

Health: -2/26      AC: -2    Str:  9    XL:     4   Next: 68%
Magic:  6/8        EV: 12    Int: 17    God:
Gold:   160        SH:  0    Dex: 14    Spells: 6/7 levels left

rFire   . . .      SeeInvis .   i - +1 whip (venom)
rCold   . . .      Faith    .   (no shield)
rNeg    . . .      Spirit   .   a - +0 robe
rPois   .          Reflect  .   (helmet restricted)
rElec   .          Harm     .   (no cloak)
rCorr   .          Rampage  .   (no gloves)
Will    .....                   (boots unavailable)
Stlth   ++........              (no amulet)
HPRegen 0.08/turn               (no ring)
MPRegen 0.11/turn               (no ring)

@: corroded
A: beak, talons 3
a: no special abilities


You were on level 3 of the Dungeon.
You visited 1 branch of the dungeon, and saw 3 of its levels.

You collected 160 gold pieces.

Inventory:

Hand Weapons
 b - a +0 short sword
 i - a +1 whip of venom (weapon)
Missiles
 f - 2 boomerangs (quivered)
Armour
 a - a +0 robe (worn)
Scrolls
 d - a scroll of teleportation {unknown}
 e - a scroll of noise {unknown}
 g - a scroll of fog
Potions
 c - a potion of flight {unknown}
 h - a potion of invisibility {unknown}


   Skills:
 + Level 1.7 Fighting
 - Level 2.1 Dodging
 - Level 2.0 Stealth
 - Level 2.0 Spellcasting
 + Level 3.0 Conjurations
 * Level 5.7 Air Magic


You had 6 spell levels left.
You knew the following spells:

 Your Spells              Type           Power      Damage    Failure   Level
a - Shock                 Conj/Air       64%        1d7       3%          1

Your spell library contained the following spells:

 Spells                   Type           Power      Damage    Failure   Level
 Static Discharge         Conj/Air       16%        N/A       4%          2
 Swiftness                Air            21%        N/A       5%          3
 Airstrike                Air            10%        N/A       19%         4


Dungeon Overview and Level Annotations

Branches:
Dungeon (3/15)

Altars:
Okawaru


Innate Abilities, Weirdness & Mutations

You have a beak for a mouth.
You have claws for feet.


Message History

You hit the endoplasm.
You kill the endoplasm!
A jelly comes into view.
You hit the endoplasm. You claw the endoplasm.
You kill the endoplasm!
An endoplasm comes into view.
You hit the endoplasm. You claw the endoplasm.
You kill the endoplasm!
You hit the endoplasm.
You kill the endoplasm!
You hit the jelly.
The jelly is poisoned.
Your hands burn!
You claw the jelly.
The jelly is almost dead.
You kill the jelly!
Your Conjurations skill increases to level 3!
You hit the jelly.
Your hands burn!
You claw the jelly!
The jelly is heavily wounded.
The jelly hits you. The acid corrodes you!
You are splashed with acid!
* * * LOW HITPOINT WARNING * * *
Casting: Shock (safe; 3% risk of failure)
Confirm with . or Enter, or press ? or * to list all spells.
You don't know that spell.
Casting: Shock (safe; 3% risk of failure)
Confirm with . or Enter, or press ? or * to list all spells.
Aiming: Shock (safe; 3% risk of failure)
Press: ? - help, Shift-Dir - straight line, f - jelly
Aim: a jelly (heavily wounded, 100% to hit)
The zap hits the jelly.
The jelly is severely wounded.
The jelly closely misses you.
Casting: Shock (safe; 3% risk of failure)
Confirm with . or Enter, or press ? or * to list all spells.
Aiming: Shock (safe; 3% risk of failure)
Press: ? - help, Shift-Dir - straight line, f/p - jelly
Aim: a jelly (severely wounded, 100% to hit)
The zap hits the jelly.
The jelly is severely wounded.
The jelly hits you.
* * * LOW HITPOINT WARNING * * *
The acid corrodes you!
You are splashed with acid!
You die...

#.P #.P
#.. #..
#.. #..
#J#######
#@.....##
########.#
#...('..##
#.[..####
#.......#
#.......#
#.......#
#.....).#
##.....##


You could see a jelly.

Vanquished Creatures
  A jelly (D:3)
  2 dart slugs
  8 endoplasms
  6 goblins
  8 hobgoblins
  3 jackals
  4 quokkas
  6 ball pythons
  3 bats (D:1)
  A frilled lizard (D:2)
  12 kobolds
  7 rats
  A spectral kobold (D:1)
62 creatures vanquished.

Vanquished Creatures (others)
  10 toadstools (D:3)
10 creatures vanquished.

Grand Total: 72 creatures vanquished

Notes
Turn   | Place    | Note
-------+----------+-------------------------------------------
     0 | D:1      | Decritt the Tengu Air Elementalist began the quest for the
                  | Orb.
     0 | D:1      | Reached XP level 1. HP: 10/10 MP: 4/4
   418 | D:1      | Reached XP level 2. HP: 8/16 MP: 3/6
   732 | D:1      | Found a faded altar of an unknown god.
  1343 | D:1      | Reached skill level 1 in Fighting
  1343 | D:1      | Reached XP level 3. HP: 20/20 MP: 3/7
  1669 | D:1      | Reached skill level 5 in Air Magic
  2333 | D:2      | Found an iron altar of Okawaru.
  2907 | D:3      | Reached XP level 4. HP: 25/25 MP: 8/8
  3123 | D:3      | Splashed by a jelly's acid

Illustrated notes

Levels and vault maps discovered:
D:1:      eino_arrival_druids_welcome, layout_basic,
          dreamdust_ecumenical_altar_drowned_temple, serial_curves,
          eino_curves_02, eino_curves_03, eino_curves_03,
          kennysheep_another_room, minmay_cut_off
D:2:      layout_rooms, basic_altar, grunt_ministairs_2
D:3:      cheibrodos_fertilizer, layout_loops_ring,
          grunt_temple_overflow_opulence, serial_shops, nicolae_shop_crystal

Skill      XL: |  1  2  3  4 |
---------------+-------------+-----
Conjurations   | 2 3 |  3.0
Fighting       | 1 |  1.7
Air Magic      | 5 |  5.7
Dodging        | |  2.1
Stealth        | |  2.0
Spellcasting   | |  2.0

Action                   |  1- 3 |  4- 6 || total
-------------------------+-------+-------++-------
Melee: Unarmed           |     8 |       ||     8
       Short sword       |    42 |     3 ||    45
       Peck              |     5 |       ||     5
       Kick              |    12 |     7 ||    19
       Whip              |       |     9 ||     9
Throw: Boomerang         |    31 |     1 ||    32
 Cast: Shock             |    61 |     5 ||    66
  Use: Scroll            |     1 |       ||     1
Armor: Robe              |     4 |     1 ||     5
Dodge: Dodged            |    26 |     1 ||    27

Table legend: (Time is in decaauts)
 A = Elapsed time spent in this place.
 B = Non-inter-level travel time spent in this place.
 C = Inter-level travel time spent in this place.
 D = Time resting spent in this place.
 E = Time spent auto-exploring this place.
 F = Levels seen in this place.
 G = Mean time per level.
                   A        B        C        D        E       F      G
               +--------+--------+--------+--------+--------+-----+--------+
         Total |   3139 |   3097 |     42 |    169 |   2586 |   3 | 1046.3 |
       Dungeon |   3139 |   3097 |     42 |    169 |   2586 |   3 | 1046.3 |
               +--------+--------+--------+--------+--------+-----+--------+

Top non-repeatable levels by time:
     D:1: 1906 daAuts
     D:2: 946 daAuts
     D:3: 287 daAuts
